[ AOE2 MATCH · #505770994 ]
UnrankedMalay vs Burmese
Player's team · LOSS
Rival team · WIN
[ REPLAY ANALYSIS · EXTRACTED FROM THE RECORDED GAME ]
Feudal
13:16
Castle
24:06
Imperial
—
| APM avg | 50.3 |
| APM peak | 87 |
| eAPM avg | 29.6 |
| Villagers / military | 66 / 6 |
Focus
⚔️ 25.3% · 🌾 74.7%
Militia ×6
Feudal
16:46
Castle
21:31
Imperial
—
| APM avg | 47.3 |
| APM peak | 118 |
| eAPM avg | 23.9 |
| Villagers / military | 74 / 13 |
Focus
⚔️ 30.6% · 🌾 69.4%
Arambai ×10 · Militia ×3
Match map
Initial resources + every placement click. Lines = walls · curves = elevation contours. ◆ gold · ⬟ stone · ● berries · ✦ relic · ◌ wall gap
Your base· ✓ Closed at 24:06 · 19t walls · no gate
MrDiiego/twitch.tv's base· ✓ Closed at 21:31 · 31t walls · 1 gate(s)
Smoothed initial terrain · ◌ = detected wall gap · hover for details
Inputs per minute
— Mateus Viana - - MrDiiego/twitch.tv
Build order — Mateus Viana
First 150 of 156 actions detected
| 0:00 | Queue | Villager (Male) |
| 0:01 | Queue | Villager (Male) |
| 0:02 | Build | House |
| 0:03 | Build | House |
| 0:12 | Queue | Villager (Male) |
| 0:12 | Queue | Villager (Male) |
| 0:15 | Research | Loom |
| 0:16 | Queue | Villager (Male) |
| 0:26 | Queue | Villager (Male) |
| 0:26 | Queue | Villager (Male) |
| 0:46 | Build | House |
| 0:48 | Build | Palisade Wall |
| 1:31 | Build | House |
| 1:45 | Build | Palisade Wall |
| 1:47 | Build | Palisade Wall |
| 1:48 | Build | Palisade Wall |
| 1:51 | Queue | Villager (Male) |
| 2:25 | Build | Lumber Camp |
| 2:26 | Queue | Villager (Male) |
| 2:45 | Build | Palisade Wall |
| 2:52 | Queue | Villager (Male) |
| 3:25 | Queue | Villager (Male) |
| 4:12 | Queue | Villager (Male) |
| 4:12 | Queue | Villager (Male) |
| 4:41 | Queue | Villager (Male) |
| 4:52 | Build | Mill |
| 5:16 | Queue | Villager (Male) |
| 5:27 | Queue | Villager (Male) |
| 6:13 | Queue | Villager (Male) |
| 6:31 | Queue | Villager (Male) |
| 6:46 | Build | House |
| 7:16 | Build | House |
| 7:26 | Queue | Villager (Male) |
| 7:26 | Queue | Villager (Male) |
| 7:33 | Build | Palisade Wall |
| 7:47 | Queue | Villager (Male) |
| 7:47 | Queue | Villager (Male) |
| 8:11 | Queue | Villager (Male) |
| 8:11 | Queue | Villager (Male) |
| 8:12 | Queue | Villager (Male) |
| 8:13 | Build | House |
| 8:18 | Queue | Villager (Male) |
| 8:25 | Build | House |
| 8:48 | Queue | Villager (Male) |
| 8:48 | Queue | Villager (Male) |
| 8:52 | Queue | Villager (Male) |
| 8:52 | Queue | Villager (Male) |
| 9:03 | Queue | Villager (Male) |
| 9:07 | Build | House |
| 9:34 | Queue | Villager (Male) |
| 9:37 | Queue | Villager (Male) |
| 9:54 | Queue | Villager (Male) |
| 10:08 | Queue | Villager (Male) |
| 10:18 | Queue | Villager (Male) |
| 10:42 | Queue | Villager (Male) |
| 10:46 | Queue | Villager (Male) |
| 10:57 | Build | Palisade Wall |
| 11:03 | Build | Palisade Wall |
| 11:11 | Build | Palisade Wall |
| 11:12 | Build | Palisade Wall |
| 11:15 | Build | Palisade Wall |
| 11:21 | Build | Palisade Wall |
| 11:23 | Build | Palisade Wall |
| 11:25 | Build | Palisade Wall |
| 11:26 | Build | Palisade Wall |
| 11:33 | Queue | Villager (Male) |
| 11:34 | Research | Feudal Age |
| 12:45 | Build | Barracks |
| 13:00 | Queue | Villager (Male) |
| 13:06 | Build | Palisade Wall |
| 13:08 | Build | Palisade Wall |
| 13:12 | Queue | Villager (Male) |
| 13:12 | Queue | Villager (Male) |
| 13:16 | Age | Feudal Age |
| 13:34 | Queue | Villager (Male) |
| 14:12 | Queue | Militia |
| 14:15 | Research | Man-at-Arms (upgrade) |
| 14:19 | Queue | Militia |
| 14:19 | Queue | Militia |
| 14:29 | Build | Lumber Camp |
| 14:43 | Build | House |
| 15:05 | Queue | Villager (Male) |
| 15:23 | Queue | Villager (Male) |
| 15:37 | Build | Mining Camp |
| 15:39 | Research | Double-Bit Axe |
| 15:52 | Queue | Villager (Male) |
| 15:53 | Queue | Villager (Male) |
| 15:54 | Queue | Villager (Male) |
| 16:08 | Build | Palisade Gate |
| 16:28 | Build | Farm |
| 16:30 | Build | Farm |
| 16:49 | Build | House |
| 16:53 | Build | House |
| 16:56 | Build | Farm |
| 16:58 | Research | Horse Collar |
| 17:20 | Queue | Villager (Male) |
| 17:25 | Queue | Villager (Male) |
| 17:37 | Build | Farm |
| 17:37 | Build | Farm |
| 17:37 | Build | Farm |
| 17:37 | Build | Farm |
| 17:38 | Build | Farm |
| 17:38 | Build | Farm |
| 17:39 | Queue | Villager (Male) |
| 17:52 | Queue | Villager (Male) |
| 18:29 | Build | Farm |
| 18:30 | Queue | Villager (Male) |
| 18:37 | Research | Man-at-Arms (upgrade) |
| 18:38 | Queue | Militia |
| 18:42 | Build | Farm |
| 18:43 | Build | Farm |
| 18:45 | Build | Farm |
| 18:59 | Queue | Villager (Male) |
| 19:08 | Build | Market |
| 19:11 | Build | House |
| 19:12 | Build | House |
| 19:17 | Build | House |
| 19:18 | Build | House |
| 19:20 | Build | House |
| 19:27 | Build | Farm |
| 19:54 | Queue | Villager (Male) |
| 20:00 | Queue | Villager (Male) |
| 20:05 | Build | Mining Camp |
| 20:35 | Queue | Villager (Male) |
| 20:39 | Build | Farm |
| 20:45 | Build | Farm |
| 21:10 | Queue | Militia |
| 21:36 | Queue | Villager (Male) |
| 21:59 | Build | Blacksmith |
| 22:01 | Queue | Villager (Male) |
| 22:09 | Queue | Militia |
| 22:30 | Research | Castle Age |
| 22:44 | Build | Watch Tower |
| 22:48 | Research | Man-at-Arms (upgrade) |
| 24:06 | Age | Castle Age |
| 24:30 | Build | Castle |
| 24:46 | Queue | Villager (Male) |
| 24:58 | Queue | Villager (Male) |
| 25:22 | Build | House |
| 25:26 | Build | House |
| 25:42 | Queue | Villager (Male) |
| 25:43 | Queue | Villager (Male) |
| 25:51 | Build | House |
| 25:56 | Queue | Villager (Male) |
| 26:12 | Build | Siege Workshop |
| 26:49 | Build | Mill |
| 26:50 | Build | Farm |
| 26:50 | Build | Farm |
| 26:50 | Build | Farm |
| 26:50 | Build | Farm |
Build order — MrDiiego/twitch.tv
First 150 of 154 actions detected
| 0:00 | Queue | Villager (Male) |
| 0:00 | Queue | Villager (Male) |
| 0:01 | Queue | Villager (Male) |
| 0:02 | Build | House |
| 0:02 | Build | House |
| 0:08 | Queue | Villager (Male) |
| 0:08 | Queue | Villager (Male) |
| 0:46 | Research | Loom |
| 0:57 | Queue | Villager (Male) |
| 1:23 | Research | Loom |
| 1:38 | Queue | Villager (Male) |
| 1:50 | Queue | Villager (Male) |
| 1:50 | Queue | Villager (Male) |
| 1:50 | Queue | Villager (Male) |
| 2:06 | Build | Lumber Camp |
| 2:42 | Queue | Villager (Male) |
| 2:42 | Queue | Villager (Male) |
| 3:15 | Queue | Villager (Male) |
| 3:15 | Queue | Villager (Male) |
| 3:27 | Queue | Villager (Male) |
| 3:27 | Queue | Villager (Male) |
| 3:57 | Queue | Villager (Male) |
| 3:57 | Queue | Villager (Male) |
| 4:20 | Build | House |
| 4:27 | Queue | Villager (Male) |
| 4:28 | Queue | Villager (Male) |
| 4:58 | Queue | Villager (Male) |
| 5:02 | Queue | Villager (Male) |
| 5:22 | Queue | Villager (Male) |
| 5:22 | Queue | Villager (Male) |
| 6:07 | Queue | Villager (Male) |
| 6:07 | Queue | Villager (Male) |
| 6:29 | Build | House |
| 6:40 | Queue | Villager (Male) |
| 6:42 | Queue | Villager (Male) |
| 6:42 | Queue | Villager (Male) |
| 6:43 | Queue | Villager (Male) |
| 6:50 | Build | Palisade Wall |
| 6:52 | Build | Palisade Wall |
| 7:06 | Build | Palisade Wall |
| 7:23 | Queue | Villager (Male) |
| 7:23 | Queue | Villager (Male) |
| 7:51 | Queue | Villager (Male) |
| 7:51 | Queue | Villager (Male) |
| 7:55 | Queue | Villager (Male) |
| 7:55 | Queue | Villager (Male) |
| 7:57 | Build | House |
| 8:39 | Build | Mill |
| 8:57 | Queue | Villager (Male) |
| 9:15 | Queue | Villager (Male) |
| 9:21 | Queue | Villager (Male) |
| 9:22 | Queue | Villager (Male) |
| 9:36 | Build | House |
| 9:37 | Build | House |
| 9:43 | Build | Palisade Gate |
| 9:55 | Queue | Villager (Male) |
| 10:03 | Queue | Villager (Male) |
| 10:06 | Build | Palisade Wall |
| 10:07 | Build | Palisade Wall |
| 10:11 | Queue | Villager (Male) |
| 10:11 | Queue | Villager (Male) |
| 10:23 | Queue | Villager (Male) |
| 11:07 | Queue | Villager (Male) |
| 11:08 | Queue | Villager (Male) |
| 11:22 | Build | Farm |
| 11:34 | Build | House |
| 11:40 | Queue | Villager (Male) |
| 11:40 | Queue | Villager (Male) |
| 11:52 | Build | Palisade Wall |
| 11:53 | Build | Palisade Wall |
| 12:01 | Queue | Villager (Male) |
| 12:01 | Queue | Villager (Male) |
| 12:06 | Build | Palisade Wall |
| 12:07 | Build | Palisade Wall |
| 12:26 | Queue | Villager (Male) |
| 12:51 | Queue | Villager (Male) |
| 12:55 | Build | Palisade Wall |
| 13:04 | Queue | Villager (Male) |
| 13:06 | Build | Farm |
| 13:12 | Build | Palisade Wall |
| 13:13 | Build | Palisade Wall |
| 13:20 | Build | Farm |
| 13:44 | Build | Farm |
| 14:00 | Build | Farm |
| 14:02 | Queue | Villager (Male) |
| 14:17 | Research | Feudal Age |
| 14:20 | Build | Farm |
| 14:33 | Build | Farm |
| 14:44 | Build | Mining Camp |
| 15:05 | Queue | Villager (Male) |
| 15:22 | Queue | Villager (Male) |
| 15:24 | Build | Farm |
| 16:27 | Queue | Villager (Male) |
| 16:46 | Age | Feudal Age |
| 16:49 | Queue | Villager (Male) |
| 16:54 | Build | Stone Wall |
| 17:10 | Build | Blacksmith |
| 17:15 | Build | Market |
| 17:51 | Build | Palisade Wall |
| 17:51 | Build | Palisade Wall |
| 17:53 | Build | Palisade Wall |
| 17:55 | Build | Palisade Wall |
| 17:58 | Build | Palisade Wall |
| 18:01 | Queue | Villager (Male) |
| 18:08 | Build | Stone Wall |
| 18:13 | Queue | Villager (Male) |
| 18:27 | Build | Barracks |
| 18:37 | Research | Castle Age |
| 19:10 | Build | Outpost |
| 19:19 | Build | Mining Camp |
| 19:44 | Queue | Villager (Male) |
| 19:49 | Build | House |
| 19:55 | Research | Horse Collar |
| 20:12 | Queue | Militia |
| 20:18 | Research | Forging |
| 20:52 | Queue | Militia |
| 21:09 | Queue | Villager (Male) |
| 21:21 | Build | House |
| 21:22 | Build | House |
| 21:31 | Age | Castle Age |
| 21:38 | Queue | Villager (Male) |
| 22:16 | Build | Castle |
| 22:43 | Build | House |
| 22:54 | Build | House |
| 22:56 | Build | Palisade Wall |
| 23:05 | Queue | Militia |
| 23:43 | Queue | Villager (Male) |
| 24:00 | Queue | Villager (Male) |
| 24:04 | Build | Farm |
| 24:05 | Build | Farm |
| 24:09 | Build | Farm |
| 24:10 | Queue | Arambai |
| 24:14 | Queue | Villager (Male) |
| 24:32 | Queue | Arambai |
| 24:34 | Queue | Villager (Male) |
| 24:41 | Queue | Villager (Male) |
| 24:43 | Build | Farm |
| 24:59 | Queue | Villager (Male) |
| 25:06 | Queue | Arambai |
| 25:14 | Queue | Arambai |
| 25:15 | Queue | Villager (Male) |
| 25:35 | Queue | Villager (Male) |
| 25:45 | Queue | Arambai |
| 25:45 | Queue | Arambai |
| 26:06 | Queue | Villager (Male) |
| 26:10 | Build | Castle |
| 26:20 | Queue | Arambai |
| 26:29 | Queue | Villager (Male) |
| 26:36 | Queue | Arambai |
| 26:49 | Build | Farm |
Match timeline
| 0:48 | Mateus Viana · wall_segment Palisade Wall x4 |
| 1:45 | Mateus Viana · wall_segment Palisade Wall x1 |
| 1:47 | Mateus Viana · wall_segment Palisade Wall x1 |
| 1:48 | Mateus Viana · wall_segment Palisade Wall x1 |
| 2:45 | Mateus Viana · wall_segment Palisade Wall x1 |
| 6:50 | MrDiiego/twitch.tv · wall_segment Palisade Wall x1 |
| 6:52 | MrDiiego/twitch.tv · wall_segment Palisade Wall x1 |
| 7:06 | MrDiiego/twitch.tv · wall_segment Palisade Wall x1 |
| 7:33 | Mateus Viana · wall_segment Palisade Wall x1 |
| 10:06 | MrDiiego/twitch.tv · wall_segment Palisade Wall x1 |
| 10:07 | MrDiiego/twitch.tv · wall_segment Palisade Wall x1 |
| 10:57 | Mateus Viana · wall_segment Palisade Wall x1 |
| 11:03 | Mateus Viana · wall_segment Palisade Wall x1 |
| 11:11 | Mateus Viana · wall_segment Palisade Wall x1 |
| 11:12 | Mateus Viana · wall_segment Palisade Wall x1 |
| 11:15 | Mateus Viana · wall_segment Palisade Wall x1 |
| 11:21 | Mateus Viana · wall_segment Palisade Wall x1 |
| 11:23 | Mateus Viana · wall_segment Palisade Wall x1 |
| 11:25 | Mateus Viana · wall_segment Palisade Wall x1 |
| 11:26 | Mateus Viana · wall_segment Palisade Wall x1 |
| 11:52 | MrDiiego/twitch.tv · wall_segment Palisade Wall x1 |
| 11:53 | MrDiiego/twitch.tv · wall_segment Palisade Wall x1 |
| 12:06 | MrDiiego/twitch.tv · wall_segment Palisade Wall x1 |
| 12:07 | MrDiiego/twitch.tv · wall_segment Palisade Wall x1 |
| 12:45 | Mateus Viana · first_building Barracks |
| 12:55 | MrDiiego/twitch.tv · wall_segment Palisade Wall x4 |
| 13:06 | Mateus Viana · wall_segment Palisade Wall x1 |
| 13:08 | Mateus Viana · wall_segment Palisade Wall x1 |
| 13:12 | MrDiiego/twitch.tv · wall_segment Palisade Wall x1 |
| 13:13 | MrDiiego/twitch.tv · wall_segment Palisade Wall x1 |
| 13:16 | Mateus Viana · age_up feudal |
| 16:46 | MrDiiego/twitch.tv · age_up feudal |
| 16:54 | MrDiiego/twitch.tv · wall_segment Stone Wall x10 |
| 17:51 | MrDiiego/twitch.tv · wall_segment Palisade Wall x1 |
| 17:51 | MrDiiego/twitch.tv · wall_segment Palisade Wall x1 |
| 17:53 | MrDiiego/twitch.tv · wall_segment Palisade Wall x1 |
| 17:55 | MrDiiego/twitch.tv · wall_segment Palisade Wall x1 |
| 17:58 | MrDiiego/twitch.tv · wall_segment Palisade Wall x1 |
| 18:08 | MrDiiego/twitch.tv · wall_segment Stone Wall x1 |
| 18:27 | MrDiiego/twitch.tv · first_building Barracks |
| 21:31 | MrDiiego/twitch.tv · age_up castle |
| 21:39 | Mateus Viana · first_market_buy 100 food |
| 21:41 | Mateus Viana · first_market_sell 100 wood |
| 22:16 | MrDiiego/twitch.tv · first_building Castle |
| 22:56 | MrDiiego/twitch.tv · wall_segment Palisade Wall x1 |
| 23:21 | MrDiiego/twitch.tv · first_market_buy 100 food |
| 24:06 | Mateus Viana · age_up castle |
| 24:30 | Mateus Viana · first_building Castle |
| 26:12 | Mateus Viana · first_building Siege Workshop |
| 27:36 | Mateus Viana · resign |
[ AI ANALYSIS · 1 CREDIT ]
What really happened in this match?
Wolo.gg analyzes every decision: build order, eco, micro, common mistakes by bracket. Personalized analysis on WhatsApp or Discord in 30 seconds.
Civ guide
Malay
Perfil
Jugador #6374382